[Event "ICC tourney 2545 (5 3)"]
[Site "Internet Chess Club"]
[Date "2021.04.11"]
[Round "6"]
[White "chess2thesun"]
[Black "Lewton"]
[Result "1-0"]
[ICCResult "Black resigns"]
[WhiteElo "2243"]
[BlackElo "2211"]
[Opening "French: Burn variation"]
[ECO "C11"]
[NIC "FR.05"]
[Time "16:15:08"]
[TimeControl "300+3"]

1. e4 e6 2. d4 d5 3. Nc3 Nf6 4. Bg5 dxe4 5. Nxe4 Nbd7 6. Nf3 h6 7. Nxf6+
Nxf6 8. Bxf6 Qxf6 9. Bd3 Bd6 10. Qe2 O-O 11. Qe4 g6 12. Ne5 c5 13. Ng4 Qxd4
14. Qf3 Qf4 15. Qe2 h5 16. Ne3 Bd7 17. O-O-O Bc6 18. Kb1 Rfd8 19. Nc4 Bc7
20. Rhe1 b5 21. Na3 c4 22. Bxg6 h4 23. Bh5 Rxd1+ 24. Rxd1 Rd8 25. Rxd8+ Bxd8
26. g3 hxg3 27. hxg3 Qd4 28. c3 Qd5 29. Nc2 Bb6 30. a3 a5 31. Ka2 Bc5 32.
Qg4+ Kf8 33. Kb1 Qh1+ 34. Ka2 Qd5 35. Qh4 b4 36. axb4 axb4 37. cxb4 Ba4 38.
Bf3 Qxf3 39. Qd8+ Kg7 40. Qg5+ Kh7 41. Qh4+ Kg6 42. Qxc4 Qd5 43. Qxd5 exd5
44. b3 Bxb3+ 45. Kxb3 Bxf2 46. b5 Bxg3 47. Nb4 d4 48. Kc4 d3 49. Nxd3 Kf6
50. Kd5 Ke7 51. Nc5 Kd8 52. Kc6 f5 53. b6 Kc8 54. Nd7 Bh2 55. Nf6 Be5 56.
Nd7 Bh2 57. Nc5 Bg3 58. Nd7 Bh2 59. b7+ Kd8 60. Nc5 Be5 61. Nd7 Bc7 62. Nf8
Bh2 63. Ne6+ Ke7 64. Nd4 Kd8 65. Nxf5 Bb8 66. Ne3 Ba7 67. Nc4 Bb8 68. Na5
Ke8 69. Kb6 Kd7 70. Nb3 Kd8 71. Kc6 Bg3 72. Nc5 Bb8 73. Kb6 Ke7 74. Kc6 Kd8
75. Nd7 Ba7 76. Nf8 Bb8 77. Ne6+ Ke7 78. Nc5 Kd8 79. Nd3 Ba7 80. Nb4 Bb8 81.
Nd5 Ba7 82. Nb6 Bb8 83. Nc8 Ke8 84. Nd6+ Kd8 85. Nb5 Ke8 86. Kb6 Kd8 87. Na7
Kd7 88. Nc6 Bf4 89. Nb4 Bb8 90. Na6 Bg3 91. Nc5+ Kd8 92. Ka7 Bh2 93. Ka8 Bg3
94. Ne4 Bh2 95. Nd2 Bg3 96. Nc4 Bh2 97. Na5 Bg3 98. Nc6+ Kd7 99. Nb8+ Kd8
100. Na6 Kd7 101. Ka7 Kd8 102. Kb6 Kd7 103. Nc5+ Kd8 104. Ne6+ Kd7 105. Nf8+
Kd8 106. Kc6 Bb8 107. Nd7 Bg3 108. Nc5 Bb8 109. Na6 Bg3 110. Nb4 Bb8 111.
Nc2 Bg3 112. Ne3 Bb8 113. Nf5 Bf4 114. Nd6 {Black resigns} 1-0

[Event "ICC tourney 2545 (5 3)"]
[Site "Internet Chess Club"]
[Date "2021.04.11"]
[Round "7"]
[White "colorfulcake"]
[Black "janh"]
[Result "0-1"]
[ICCResult "White resigns"]
[WhiteElo "1398"]
[BlackElo "1725"]
[Opening "Caro-Kann: Tartakower (Nimzovich) variation"]
[ECO "B15"]
[NIC "CK.06"]
[Time "16:40:44"]
[TimeControl "300+3"]

1. e4 c6 2. d4 d5 3. Nc3 dxe4 4. Nxe4 Nf6 5. Nxf6+ exf6 6. Nf3 Bd6 7. Bd3
O-O 8. O-O Re8 9. Be3 Nd7 10. Re1 Nf8 11. Qd2 Bg4 12. Be2 Qc7 13. h3 Be6 14.
c3 Rad8 15. Qc2 Ng6 16. Bf1 Bf4 17. Bxf4 Qxf4 18. Qd2 Qc7 19. b3 c5 20. Qc2
cxd4 21. Nxd4 Rxd4 22. Bb5 Red8 {White resigns} 0-1

[Event "ICC tourney 2545 (5 3)"]
[Site "Internet Chess Club"]
[Date "2021.04.11"]
[Round "7"]
[White "MasterZachary"]
[Black "HenrikL"]
[Result "1-0"]
[ICCResult "Black resigns"]
[WhiteElo "2173"]
[BlackElo "1790"]
[Opening "Sicilian: dragon, Yugoslav attack"]
[ECO "B76"]
[NIC "SI.17"]
[Time "16:40:04"]
[TimeControl "300+3"]

1. e4 c5 2. Nf3 d6 3. d4 cxd4 4. Nxd4 Nf6 5. Nc3 g6 6. Be3 Bg7 7. f3 Nc6 8.
Qd2 O-O 9. g4 d5 10. g5 Ne5 11. gxf6 Bxf6 12. Nxd5 Bg7 13. O-O-O e6 14. Nc3
Qa5 15. Bh6 Rd8 16. Bxg7 Kxg7 17. Nf5+ exf5 18. Qxd8 {Black resigns} 1-0

[Event "ICC tourney 2545 (5 3)"]
[Site "Internet Chess Club"]
[Date "2021.04.11"]
[Round "7"]
[White "FootstepsOfDawn"]
[Black "zwerstil"]
[Result "1-0"]
[ICCResult "Black checkmated"]
[WhiteElo "989"]
[BlackElo "1123"]
[Opening "Queen's bishop game"]
[ECO "D00"]
[NIC "QP.08"]
[Time "16:40:44"]
[TimeControl "300+3"]

1. d4 d5 2. Bf4 Nf6 3. Nf3 Nc6 4. Nbd2 Bf5 5. e3 Be4 6. Ne5 Nxe5 7. Bxe5 e6
8. f3 Bf5 9. g4 Bg6 10. h4 h5 11. g5 Nd7 12. e4 dxe4 13. fxe4 Nxe5 14. dxe5
Bxe4 15. Nxe4 Qxd1+ 16. Rxd1 f5 17. gxf6 gxf6 18. Nxf6+ Ke7 19. Rd7#
{Black checkmated}
1-0

[Event "ICC tourney 2545 (5 3)"]
[Site "Internet Chess Club"]
[Date "2021.04.11"]
[Round "7"]
[White "ChucklesChess"]
[Black "ashrafismyname"]
[Result "0-1"]
[ICCResult "White checkmated"]
[WhiteElo "1250"]
[BlackElo "1582"]
[Opening "Ruy Lopez: exchange variation"]
[ECO "C68"]
[NIC "RL.08"]
[Time "16:41:35"]
[TimeControl "300+3"]

1. e4 e5 2. Nf3 Nc6 3. Bb5 a6 4. Bxc6 dxc6 5. Nxe5 Bd6 6. Nf3 Ne7 7. O-O Ng6
8. d3 O-O 9. h3 Kh8 10. Bg5 f6 11. Be3 f5 12. exf5 Bxf5 13. Bg5 Qd7 14. Nd4
Bxh3 15. gxh3 Qxh3 16. Re1 Qh2+ 17. Kf1 Qxf2# {White checkmated} 0-1

[Event "ICC tourney 2545 (5 3)"]
[Site "Internet Chess Club"]
[Date "2021.04.11"]
[Round "7"]
[White "WestCoastGirl"]
[Black "JustInIt"]
[Result "0-1"]
[ICCResult "White resigns"]
[WhiteElo "1410"]
[BlackElo "1429"]
[Opening "Ruy Lopez: Anderssen variation"]
[ECO "C77"]
[NIC "RL.12"]
[Time "16:40:54"]
[TimeControl "300+3"]

1. e4 e5 2. Nf3 Nc6 3. Bb5 a6 4. Ba4 Nf6 5. d3 b5 6. Bb3 Bc5 7. c3 d6 8. h3
h6 9. O-O O-O 10. d4 exd4 11. cxd4 Bb6 12. Nc3 Ne7 13. Qe2 Ng6 14. e5 dxe5
15. dxe5 Re8 16. Qe4 Nxe4 17. Nxe4 Nxe5 18. Nxe5 Rxe5 19. Ng3 Qh4 20. Ne2
Rxe2 {White resigns} 0-1

[Event "ICC tourney 2545 (5 3)"]
[Site "Internet Chess Club"]
[Date "2021.04.11"]
[Round "7"]
[White "evorg"]
[Black "Kroger"]
[Result "0-1"]
[ICCResult "White resigns"]
[WhiteElo "1533"]
[BlackElo "1695"]
[Opening "French: exchange variation"]
[ECO "C01"]
[NIC "FR.01"]
[Time "16:41:33"]
[TimeControl "300+3"]

1. e4 e6 2. d4 d5 3. exd5 exd5 4. Nf3 Nc6 5. Bb5 Bd6 6. O-O Ne7 7. Bxc6+
Nxc6 8. Re1+ Ne7 9. Bg5 f6 10. Be3 O-O 11. Qd2 Bg4 12. Qe2 Qd7 13. h3 Bh5
14. Nbd2 Rfe8 15. c4 c6 16. c5 Bc7 17. b4 Nf5 18. a4 Nxd4 19. Qd3 Nxf3+ 20.
Nxf3 Bxf3 21. gxf3 Qxh3 {White resigns} 0-1

[Event "ICC tourney 2545 (5 3)"]
[Site "Internet Chess Club"]
[Date "2021.04.11"]
[Round "7"]
[White "Jude"]
[Black "ser71itmex"]
[Result "1-0"]
[ICCResult "Black resigns"]
[WhiteElo "1653"]
[BlackElo "1570"]
[Opening "French: Fort Knox variation"]
[ECO "C03"]
[NIC "FR.07"]
[Time "16:40:52"]
[TimeControl "300+3"]

1. e4 e6 2. d4 d5 3. Nd2 dxe4 4. Nxe4 Bd7 5. Nf3 Bc6 6. Bd3 Be7 7. O-O Nf6
8. Qe2 O-O 9. Nxf6+ Bxf6 10. c3 Nd7 11. Bf4 Nb6 12. Ne5 Nd5 13. Nxc6 Nxf4
14. Qe4 {Black resigns} 1-0

[Event "ICC tourney 2545 (5 3)"]
[Site "Internet Chess Club"]
[Date "2021.04.11"]
[Round "7"]
[White "JJrook"]
[Black "Vetinari"]
[Result "0-1"]
[ICCResult "White resigns"]
[WhiteElo "1383"]
[BlackElo "1526"]
[Opening "Ruy Lopez: 5.O-O"]
[ECO "C78"]
[NIC "RL.12"]
[Time "16:41:32"]
[TimeControl "300+3"]

1. e4 e5 2. Nf3 Nc6 3. Bb5 a6 4. Ba4 Nf6 5. O-O b5 6. Bb3 Bc5 7. c3 d6 8. d4
Bb6 9. h3 h6 10. Re1 O-O 11. a4 b4 12. a5 Nxa5 13. cxb4 Nxb3 14. Qxb3 Bxd4
15. Nxd4 exd4 16. Na3 c5 17. Bd2 Rb8 {White resigns} 0-1

[Event "ICC tourney 2545 (5 3)"]
[Site "Internet Chess Club"]
[Date "2021.04.11"]
[Round "7"]
[White "DrDrunkenstyn"]
[Black "debarghya1972"]
[Result "0-1"]
[ICCResult "White resigns"]
[WhiteElo "1642"]
[BlackElo "1735"]
[Opening "English opening"]
[ECO "A17"]
[NIC "EO.64"]
[Time "16:40:39"]
[TimeControl "300+3"]

1. c4 Nf6 2. Nc3 e6 3. Nf3 d5 4. cxd5 exd5 5. d4 Bb4 6. Ne5 O-O 7. Bg5 Nbd7
8. Nxd7 Bxd7 9. e3 Bf5 10. Bd3 Bxd3 11. Qxd3 Be7 12. O-O-O c6 13. h4 b5 14.
Kb1 a5 15. e4 b4 16. Ne2 Nxe4 17. Bxe7 Qxe7 18. f3 Nf2 19. Qf5 Nxd1 20. Rxd1
Qxe2 21. Rg1 Qe6 22. Qf4 Rfe8 {White resigns} 0-1

[Event "ICC tourney 2545 (5 3)"]
[Site "Internet Chess Club"]
[Date "2021.04.11"]
[Round "7"]
[White "noprisoners"]
[Black "Jeffchess"]
[Result "0-1"]
[ICCResult "White resigns"]
[WhiteElo "1271"]
[BlackElo "1418"]
[Opening "Bird's opening"]
[ECO "A02"]
[NIC "VO.07"]
[Time "16:41:16"]
[TimeControl "300+3"]

1. f4 Nf6 2. Nf3 Nd5 3. d4 d6 4. e3 f6 5. Bd3 e5 6. fxe5 fxe5 7. e4 Nf4 8.
Bc4 Nxg2+ 9. Kf2 Bh3 10. Bf7+ Kxf7 11. Ng5+ Qxg5 12. Bxg5 Kg6 13. Qd2 h6 14.
Be3 Be7 15. Rg1 Bh4+ 16. Kf1 Rf8+ 17. Bf2 Rxf2+ 18. Qxf2 Bxf2 19. Rxg2+
Bxg2+ 20. Kxg2 Bxd4 21. c3 Bb6 22. Nd2 Nc6 23. Rg1 Na5 24. Kf3+ Bxg1
{White resigns}
0-1

[Event "ICC tourney 2545 (5 3)"]
[Site "Internet Chess Club"]
[Date "2021.04.11"]
[Round "7"]
[White "marazul1"]
[Black "JyothirUaditya"]
[Result "1-0"]
[ICCResult "Black checkmated"]
[WhiteElo "1210"]
[BlackElo "1320"]
[Opening "Ponziani opening"]
[ECO "C44"]
[NIC "KP.05"]
[Time "16:40:37"]
[TimeControl "300+3"]

1. e4 e5 2. Nf3 Nc6 3. c3 d6 4. d4 exd4 5. cxd4 Bg4 6. Bc4 Nf6 7. Nbd2 a6 8.
a4 b5 9. axb5 axb5 10. Rxa8 Qxa8 11. Bxb5 Qb7 12. Ba4 Bxf3 13. Nxf3 Qb4+ 14.
Bd2 Qxb2 15. d5 Nxe4 16. Bxc6+ Kd8 17. O-O Nxd2 18. Nxd2 Qc3 19. Nf3 Ke7 20.
Re1+ Kf6 21. Re3 Qa5 22. h3 g6 23. g4 Bh6 24. Qd4# {Black checkmated} 1-0

[Event "ICC tourney 2545 (5 3)"]
[Site "Internet Chess Club"]
[Date "2021.04.11"]
[Round "7"]
[White "skbvidya"]
[Black "IsaiahS"]
[Result "0-1"]
[ICCResult "White resigns"]
[WhiteElo "1239"]
[BlackElo "1428"]
[Opening "Van't Kruijs opening"]
[ECO "A00"]
[Time "16:41:15"]
[TimeControl "300+3"]

1. e3 e5 2. e4 Nc6 3. Nf3 Nf6 4. Nc3 d5 5. exd5 Nxd5 6. d3 Bg4 7. Be2 Bc5 8.
Ne4 Bd6 9. c4 Nf6 10. O-O O-O 11. h3 Bf5 12. Bg5 Be7 13. Qc2 h6 14. Bh4 Nd4
15. Nxd4 exd4 16. Nxf6+ Bxf6 17. Bxf6 Qxf6 18. Bf3 c6 19. Rfe1 Rfe8 20. Be4
Bxe4 21. Rxe4 Rxe4 22. dxe4 Re8 23. c5 b6 24. cxb6 axb6 25. Re1 c5 26. Qc4
Qc6 27. b4 Rxe4 28. Rxe4 Qxe4 29. bxc5 bxc5 30. Qxc5 d3 31. Qc1 Qe2 32. Qf1
Qc2 33. Qe1 d2 34. Qe8+ Kh7 {White resigns} 0-1

[Event "ICC tourney 2545 (5 3)"]
[Site "Internet Chess Club"]
[Date "2021.04.11"]
[Round "7"]
[White "fishbein"]
[Black "chess2thesun"]
[Result "1-0"]
[ICCResult "Black resigns"]
[WhiteElo "2466"]
[BlackElo "2224"]
[Opening "Ruy Lopez: closed, Bogolyubov variation"]
[ECO "C91"]
[NIC "RL.20"]
[Time "16:40:47"]
[TimeControl "300+3"]

1. e4 e5 2. Nf3 Nc6 3. Bb5 a6 4. Ba4 Nf6 5. O-O Be7 6. Re1 b5 7. Bb3 d6 8.
c3 O-O 9. d4 Bg4 10. Be3 exd4 11. cxd4 Na5 12. e5 dxe5 13. dxe5 Qxd1 14.
Rxd1 Nd7 15. Nc3 Bxf3 16. Rxd7 Bg4 17. Rxe7 Rac8 18. Nd5 c6 19. Nc3 c5 20.
h3 Bf5 21. g4 Bg6 22. Bd5 Rfd8 23. e6 b4 24. exf7+ Kf8 25. Re8+ Rxe8 26.
fxe8=Q+ Kxe8 27. Ne2 Rd8 28. Nf4 Bc2 29. Bxc5 g5 30. Ne6 {Black resigns} 1-0

[Event "ICC tourney 2545 (5 3)"]
[Site "Internet Chess Club"]
[Date "2021.04.11"]
[Round "7"]
[White "QvC"]
[Black "Ashibarai"]
[Result "1-0"]
[ICCResult "Black resigns"]
[WhiteElo "2324"]
[BlackElo "1702"]
[Opening "Queen's pawn: London system"]
[ECO "A45"]
[NIC "QP.07"]
[Time "16:40:05"]
[TimeControl "300+3"]

1. d4 Nf6 2. Bf4 c5 3. d5 d6 4. Nc3 g6 5. e4 Bg7 6. Bb5+ Nbd7 7. a4 O-O 8.
Nf3 a6 9. Be2 Rb8 10. a5 b5 11. axb6 Qxb6 12. Ra2 Ng4 13. O-O Nge5 14. Nd2
a5 15. Be3 Ba6 16. f4 Bxe2 17. Qxe2 Rb7 18. fxe5 Nxe5 19. Nf3 Rfb8 20. Nxe5
Bxe5 21. Nd1 Qc7 22. c3 e6 23. Qd2 exd5 24. Qxd5 Qe7 25. Bf4 Bxf4 26. Rxf4
Qg5 27. Qxg5 {Black resigns} 1-0

[Event "ICC tourney 2545 (5 3)"]
[Site "Internet Chess Club"]
[Date "2021.04.11"]
[Round "7"]
[White "RealFuno09"]
[Black "justinchess"]
[Result "1/2-1/2"]
[ICCResult "Game drawn by mutual agreement"]
[WhiteElo "2134"]
[BlackElo "2148"]
[Opening "Sicilian: closed, 2...Nc6"]
[ECO "B23"]
[NIC "SI.44"]
[Time "16:41:15"]
[TimeControl "300+3"]

1. e4 c5 2. Nc3 Nc6 3. Bb5 Nd4 4. Bc4 e6 5. Nf3 a6 6. d3 b5 7. Bb3 Nxb3 8.
axb3 Bb7 9. O-O d6 10. Re1 Be7 11. d4 Nf6 12. d5 b4 13. Ne2 exd5 14. exd5
Nxd5 15. Nf4 {Game drawn by mutual agreement} 1/2-1/2

[Event "ICC tourney 2545 (5 3)"]
[Site "Internet Chess Club"]
[Date "2021.04.11"]
[Round "7"]
[White "Macroeconomist"]
[Black "MrEndron"]
[Result "1-0"]
[ICCResult "Black resigns"]
[WhiteElo "1441"]
[BlackElo "1426"]
[Opening "Pirc defense"]
[ECO "B07"]
[NIC "PU.04"]
[Time "16:40:54"]
[TimeControl "300+3"]

1. e4 d6 2. d4 Nf6 3. Nc3 g6 4. f3 Bg7 5. Be3 a6 6. Qd2 c6 7. Bc4 b5 8. Bb3
b4 9. Na4 a5 10. c3 bxc3 11. Nxc3 O-O 12. Nge2 Ba6 13. h4 Nh5 14. g4 Bxe2
15. Nxe2 Nf6 16. h5 Nbd7 17. Bh6 e5 18. Bxg7 Kxg7 19. hxg6 fxg6 20. Qh6+ Kh8
21. Qxg6 Qe7 22. O-O-O d5 23. exd5 cxd5 24. g5 Rac8+ 25. Kb1 exd4 26. gxf6
Nxf6 27. Nxd4 Qe2 28. Nxe2 {Black resigns} 1-0

[Event "ICC tourney 2545 (5 3)"]
[Site "Internet Chess Club"]
[Date "2021.04.11"]
[Round "7"]
[White "PhaseShift"]
[Black "iamGodskid"]
[Result "1-0"]
[ICCResult "Black checkmated"]
[WhiteElo "1631"]
[BlackElo "1400"]
[Opening "King's Indian: fianchetto, Simagin variation"]
[ECO "E62"]
[NIC "KI.72"]
[Time "16:40:35"]
[TimeControl "300+3"]

1. d4 d6 2. Nf3 g6 3. g3 Bg7 4. Bg2 Nf6 5. O-O O-O 6. c4 Nc6 7. Nc3 Bg4 8.
d5 Bxf3 9. exf3 Ne5 10. b3 Nfd7 11. Bb2 Nc5 12. Rb1 Ncd3 13. Ba1 Nc5 14. f4
Ned7 15. b4 Na6 16. a3 e5 17. dxe6 fxe6 18. Re1 Rb8 19. Rxe6 c5 20. Rxd6
cxb4 21. axb4 Qc7 22. Rxd7 Qxc4 23. Qd5+ Qxd5 24. Bxd5+ Kh8 25. Bxb7 g5 26.
fxg5 Be5 27. Nd5 Bxa1 28. Rxa1 Rbe8 29. Bxa6 Re6 30. Bc4 Re4 31. Nf6 Rxc4
32. Rxh7# {Black checkmated} 1-0

[Event "ICC tourney 2545 (5 3)"]
[Site "Internet Chess Club"]
[Date "2021.04.11"]
[Round "7"]
[White "sandeep3345"]
[Black "ranadiw"]
[Result "0-1"]
[ICCResult "White checkmated"]
[WhiteElo "1299"]
[BlackElo "1157"]
[Opening "Sicilian"]
[ECO "B50"]
[NIC "SI.01"]
[Time "16:41:04"]
[TimeControl "300+3"]

1. e4 c5 2. Nf3 d6 3. h3 g6 4. a3 Bg7 5. Nc3 Nc6 6. Bb5 a6 7. Bxc6+ bxc6 8.
O-O d5 9. e5 d4 10. Ne4 Qb6 11. c3 d3 12. Nfg5 h6 13. Nf3 Bf5 14. Ng3 Be6
15. b4 c4 16. Nd4 Bd5 17. f4 e6 18. Bb2 a5 19. Qa4 Ne7 20. Rae1 O-O 21. Qd1
c5 22. Nf3 cxb4+ 23. Kh1 b3 24. a4 h5 25. Ba3 Rfe8 26. Bd6 Nc8 27. Nd4 Nxd6
28. exd6 Bxd4 29. cxd4 Qxd4 30. f5 exf5 31. Nxf5 gxf5 32. Qxh5 Rxe1 33. Rxe1
Qg7 34. Re3 Qxg2# {White checkmated} 0-1

[Event "ICC tourney 2545 (5 3)"]
[Site "Internet Chess Club"]
[Date "2021.04.11"]
[Round "7"]
[White "realleosantos"]
[Black "RichTNYC"]
[Result "0-1"]
[ICCResult "White resigns"]
[WhiteElo "1306"]
[BlackElo "1217"]
[Opening "Réti opening"]
[ECO "A04"]
[NIC "QP.11"]
[Time "16:40:37"]
[TimeControl "300+3"]

1. Nf3 Nc6 2. d4 Nf6 3. e3 e6 4. Bb5 Be7 5. O-O O-O 6. b3 Ne4 7. Qd3 Nd6 8.
Ba4 Nb4 9. Qe2 c6 10. c3 Nd5 11. c4 b5 12. Bxb5 cxb5 13. cxd5 exd5 14. Qxb5
Nxb5 15. Bb2 Ba6 16. Rc1 Rc8 17. Nc3 Nxc3 18. Bxc3 Be2 19. Rc2 Bxf3 20. gxf3
Bb4 21. Rac1 Bxc3 22. Rxc3 Rxc3 23. Rxc3 Qf6 24. Kh1 Qxf3+ 25. Kg1 Qd1+ 26.
Kg2 Qd2 27. Rc7 Qxa2 28. Rxd7 Qxb3 29. Rxd5 Qxd5+ {White resigns} 0-1

[Event "ICC tourney 2545 (5 3)"]
[Site "Internet Chess Club"]
[Date "2021.04.11"]
[Round "7"]
[White "GrandTurk"]
[Black "jackdykes"]
[Result "1-0"]
[ICCResult "Black checkmated"]
[WhiteElo "1833"]
[BlackElo "1480"]
[Opening "Queen's pawn game"]
[ECO "D02"]
[NIC "QP.08"]
[Time "16:41:15"]
[TimeControl "300+3"]

1. d4 d5 2. Nf3 e6 3. c4 c5 4. cxd5 exd5 5. g3 Nf6 6. Bg2 c4 7. O-O Be6 8.
Nc3 Be7 9. Ne5 O-O 10. f4 Nbd7 11. f5 Nxe5 12. dxe5 Bc5+ 13. e3 Ng4 14. Qxg4
Bd7 15. Bxd5 g6 16. Kg2 Rc8 17. e4 b5 18. Bh6 Re8 19. Bxf7+ Kh8 20. f6 Bxg4
21. Bg7# {Black checkmated} 1-0

[Event "ICC tourney 2545 (5 3)"]
[Site "Internet Chess Club"]
[Date "2021.04.11"]
[Round "7"]
[White "Rsalvio"]
[Black "ionplayr"]
[Result "1-0"]
[ICCResult "Black checkmated"]
[WhiteElo "1419"]
[BlackElo "1155"]
[Opening "King's knight's gambit"]
[ECO "C34"]
[NIC "KG.02"]
[Time "16:40:46"]
[TimeControl "300+3"]

1. e4 e5 2. f4 exf4 3. Nf3 Nc6 4. Bc4 d6 5. O-O Nf6 6. Nc3 Be7 7. d4 Bg4 8.
Bxf4 O-O 9. Qd2 Bxf3 10. Rxf3 h6 11. Bxh6 Nh7 12. Rg3 Bf6 13. Nd5 Kh8 14.
Nxf6 Qxf6 15. Bxg7+ Qxg7 16. Rxg7 Kxg7 17. Rf1 Rae8 18. Bd3 Nxd4 19. Qb4 Ne6
20. e5 d5 21. Qg4+ Kh8 22. Qh5 Ng5 23. h4 Rxe5 24. hxg5 f5 25. g6 Kg7 26.
Qxh7+ Kf6 27. Rxf5+ Rxf5 28. Bxf5 Kxf5 29. g7+ Kf6 30. gxf8=Q+ Ke5 31. Qfe7+
Kd4 32. Qd3# {Black checkmated} 1-0

[Event "ICC tourney 2545 (5 3)"]
[Site "Internet Chess Club"]
[Date "2021.04.11"]
[Round "7"]
[White "arconia"]
[Black "ominousc"]
[Result "1-0"]
[ICCResult "Black resigns"]
[WhiteElo "995"]
[BlackElo "1283"]
[Opening "Vienna game, Max Lange defense"]
[ECO "C25"]
[NIC "VG.04"]
[Time "16:41:21"]
[TimeControl "300+3"]

1. e4 e5 2. Nc3 Nc6 3. Bc4 d6 4. Nf3 Bg4 5. O-O Qg5 6. d4 Nxd4 7. Bxg5 Bxf3
8. gxf3 Nxf3+ 9. Qxf3 Nf6 10. Bxf6 gxf6 11. Qxf6 Be7 12. Qxh8+ Bf8 13. Nd5
O-O-O 14. Qxh7 c6 15. Qf5+ Kb8 16. Nf6 d5 17. Qxe5+ Bd6 18. Qd4 dxc4 19.
Qxc4 b5 20. Qxf7 Rf8 21. Nd7+ {Black resigns} 1-0

[Event "ICC tourney 2545 (5 3)"]
[Site "Internet Chess Club"]
[Date "2021.04.11"]
[Round "7"]
[White "hansup"]
[Black "dwmt"]
[Result "1-0"]
[ICCResult "Black resigns"]
[WhiteElo "1560"]
[BlackElo "1060"]
[Opening "Queen's pawn: English defense"]
[ECO "A40"]
[NIC "QO.17"]
[Time "16:41:15"]
[TimeControl "300+3"]

1. d4 b6 2. g3 Bb7 3. Nf3 d5 4. Bg2 e6 5. Nc3 Nf6 6. Bf4 a6 7. e3 Nbd7 8.
O-O g6 9. Bg5 Bg7 10. Ne5 Qc8 11. f4 O-O 12. h4 h6 13. Bxf6 Nxf6 14. Qd3 h5
15. Bh3 a5 16. Nb5 Ba6 17. Nc6 Kh7 18. a4 Bxb5 19. axb5 Ne4 20. c4 Nxg3 21.
Rf3 Ne4 22. cxd5 exd5 23. Bxc8 Raxc8 24. Rc1 {Black resigns} 1-0

[Event "ICC tourney 2545 (5 3)"]
[Site "Internet Chess Club"]
[Date "2021.04.11"]
[Round "7"]
[White "mill0"]
[Black "JamesS"]
[Result "0-1"]
[ICCResult "White resigns"]
[WhiteElo "1077"]
[BlackElo "1336"]
[Opening "Caro-Kann defense"]
[ECO "B10"]
[NIC "CK.01"]
[Time "16:40:58"]
[TimeControl "300+3"]

1. e4 c6 2. Nf3 d5 3. Bd3 dxe4 4. Bxe4 Nf6 5. Bd3 Bg4 6. O-O e6 7. Nc3 Be7
8. Qe1 O-O 9. Ne5 Bh5 10. Bc4 Nbd7 11. d4 b5 12. Nxc6 Qe8 13. Bxb5 Rc8 14.
Be3 Rxc6 15. Bxc6 Qc8 16. Bxd7 Qxd7 17. Qd2 Rd8 18. f3 Bg6 19. Rad1 Qb7 20.
b3 Bb4 21. Qd3 Bxd3 {White resigns} 0-1

[Event "ICC tourney 2545 (5 3)"]
[Site "Internet Chess Club"]
[Date "2021.04.11"]
[Round "7"]
[White "Heliosis"]
[Black "Tlaloc"]
[Result "0-1"]
[ICCResult "White resigns"]
[WhiteElo "1804"]
[BlackElo "2459"]
[Opening "Pirc defense"]
[ECO "B07"]
[NIC "PU.08"]
[Time "16:40:55"]
[TimeControl "300+3"]

1. e4 d6 2. d4 Nf6 3. Nc3 e5 4. dxe5 dxe5 5. Qxd8+ Kxd8 6. Nf3 Bd6 7. Be3
Ke7 8. h3 Be6 9. Be2 h6 10. a3 a6 11. g4 Nbd7 12. Nh4 g6 13. O-O-O b5 14.
Ng2 Rhb8 15. b4 c5 16. Na2 a5 17. bxc5 Nxc5 18. f3 Na4 19. Kb1 Bxa2+ 20.
Kxa2 Nc3+ 21. Kb3 Nxe2 22. Rhe1 a4+ 23. Kb2 Ng3 24. Bf2 b4 25. Bxg3 bxa3+
26. Ka1 Rb2 27. Re2 Rc8 28. Ne3 Rc3 29. Nd5+ Nxd5 30. Rxd5 f6 31. Red2 Rcxc2
32. Rxc2 Rxc2 33. Ra5 Rg2 34. Rxa4 Rxg3 35. Ra7+ Ke6 36. Rg7 g5 37. Rg6 Rg2
38. Rxh6 Bc5 {White resigns} 0-1

[Event "ICC tourney 2545 (5 3)"]
[Site "Internet Chess Club"]
[Date "2021.04.11"]
[Round "7"]
[White "harrisongaro"]
[Black "wildrumpus"]
[Result "0-1"]
[ICCResult "White checkmated"]
[WhiteElo "1387"]
[BlackElo "1384"]
[Opening "Queen's Indian defense"]
[ECO "A47"]
[NIC "QP.06"]
[Time "16:40:15"]
[TimeControl "300+3"]

1. d4 Nf6 2. Nf3 b6 3. e3 Bb7 4. Bc4 e6 5. Ng5 h6 6. Nh3 Be7 7. f3 O-O 8.
O-O c5 9. e4 cxd4 10. Qxd4 Bc5 11. c3 Bxd4+ 12. cxd4 d5 13. Bb5 a6 14. Ba4
b5 15. Bb3 Qb6 16. Be3 Nc6 17. exd5 Nxd5 18. Bxd5 exd5 19. Rd1 Rfe8 20. Kf2
Ne7 21. Nc3 Nf5 22. g4 Nxe3 23. Re1 Qxd4 24. Ne2 Nxg4+ 25. Kg3 Qxb2 26. fxg4
Rxe2 27. Nf4 Rxe1 28. Rxe1 Qc3+ 29. Kh4 Qxe1+ 30. Kh5 Qe5+ 31. Kh4 Qxf4 32.
h3 Bc8 33. a3 g6 34. a4 Qf2# {White checkmated} 0-1

[Event "ICC tourney 2545 (5 3)"]
[Site "Internet Chess Club"]
[Date "2021.04.11"]
[Round "7"]
[White "BIRDSMAN"]
[Black "ren"]
[Result "1-0"]
[ICCResult "Black resigns"]
[WhiteElo "1210"]
[BlackElo "1263"]
[Opening "Alekhine's defense: Scandinavian variation"]
[ECO "B02"]
[NIC "AL.10"]
[Time "16:40:33"]
[TimeControl "300+3"]

1. e4 Nf6 2. Nc3 d5 3. e5 Ng4 4. Nf3 a6 5. h3 Nh6 6. d4 e6 7. Bd3 g6 8. Be3
Nc6 9. Qd2 Nf5 10. O-O-O Bb4 11. Bg5 Nce7 12. Bf6 Rg8 13. Ng5 Nxd4 14. Nxh7
c5 15. Bxe7 Qxe7 16. Nf6+ Kf8 17. Qh6+ {Black resigns} 1-0

[Event "ICC tourney 2545 (5 3)"]
[Site "Internet Chess Club"]
[Date "2021.04.11"]
[Round "7"]
[White "aronsp"]
[Black "Fraser"]
[Result "1-0"]
[ICCResult "Black resigns"]
[WhiteElo "1324"]
[BlackElo "1208"]
[Opening "Queen's pawn game"]
[ECO "D00"]
[NIC "QP.08"]
[Time "16:40:18"]
[TimeControl "300+3"]

1. d4 d5 2. g3 Nf6 3. Bg2 e6 4. Nf3 c5 5. O-O cxd4 6. Nxd4 e5 7. Nf3 Nc6 8.
b3 e4 9. Nd4 Be7 10. Bb2 O-O 11. Nxc6 bxc6 12. Nc3 Ba6 13. Re1 Rb8 14. e3
Bb4 15. Bf1 Bc8 16. a3 Ba5 17. b4 Bb6 18. Na4 Bf5 19. Nxb6 axb6 20. Qd4 Bg6
21. c4 dxc4 22. Qxc4 Rc8 23. Rad1 Qc7 24. Rc1 b5 25. Qb3 Rb8 26. Bg2 Rfd8
27. Bxf6 gxf6 28. Qc3 Qe5 29. Qxe5 fxe5 30. Rxc6 Rd3 31. Ra6 f5 32. Bf1 Rc3
33. Ra5 Be8 34. Kg2 Kg7 35. Rd1 Kg6 36. Rd5 Kg5 37. Rxe5 Bc6 38. Bxb5 Bxb5
39. Rexb5 Rxb5 40. Rxb5 Rxa3 41. Rb8 Rb3 42. b5 h5 43. b6 Kf6 44. b7 Ke5 45.
Re8+ {Black resigns} 1-0